Map: Gresvan LE

Players

A.I. 1 (Very Easy) - Winner!

  • Race: Zerg Zerg
  • Spawn Location: 5:00

Lonk

  • Race: Terran Terran
  • Spawn Location: 11:00

VOD

Have the link to the VOD?

Description

Time

  • Played on: April 14, 2023, 5:26 p.m.
  • Length: 3:30
Show
View Real Time Build Order
Export as new Build Order

A.I. 1 (Very Easy) Zerg - Winner!

Build Orders: Pool First 

Get SALT Encoding   

  12  0:00  Overlord x2, Drone x2, Queen, Zergling x6  
  12  0:05  Drone  
  13  0:07  Spawning Pool  
  13  0:09  Extractor  
  13  0:12  Drone, Roach Warren  
  13  0:13  Hatchery  
  15  0:14  Extractor  
  15  0:19  Drone  
  15  0:26  Drone  
  16  0:33  Drone  
  17  0:40  Drone  
  18  0:47  Drone  
  19  0:55  Drone  
  20  1:02  Drone  
  21  1:09  Drone  
  22  1:16  Drone  
  23  1:23  Drone  
  24  1:30  Drone  
  26  1:47  Lair  
  27  2:26  Mutalisk  
  27  2:31  Drone  
  27  2:35  Overseer  
  27  2:36  Overseer  
  27  2:39  Drone  
  28  2:46  Drone  
  28  2:49  Spire  
  29  2:53  Drone  
  30  3:01  Drone  
  31  3:08  Drone  
  31  3:15  Drone  
Show
View Real Time Build Order
Export as new Build Order

Lonk Terran 

Build Orders: 1/1/1, Cyclone Opening, Gas First Reaper Expand, Mech 

Get SALT Encoding   

  1  0:00  Terran Infantry Armor Level 3, Terran Infantry Weapons Level 3  
  12  0:03  Terran Vehicle And Ship Armor Level 3, Terran Vehicle Weapons Level 3  
  12  0:04  Terran Ship Weapons Level 3  
  12  0:07  Terran Infantry Armor Level 2, Terran Infantry Weapons Level 2  
  12  0:11  Command Center  
  12  0:13  Refinery  
  12  0:17  Supply Depot  
  12  0:20  Engineering Bay  
  12  0:21  Terran Vehicle Weapons Level 2  
  12  0:22  Terran Vehicle And Ship Armor Level 2  
  12  0:23  Terran Ship Weapons Level 2  
  12  0:27  Barracks, Terran Infantry Weapons Level 1  
  12  0:28  Terran Infantry Armor Level 1  
  12  0:31  Bunker  
  12  0:34  Missile Turret  
  12  0:37  Sensor Tower  
  12  0:41  Terran Vehicle Weapons Level 1  
  12  0:42  Terran Ship Weapons Level 1, Ghost Academy, Terran Vehicle And Ship Armor Level 1  
  12  0:45  Factory  
  12  0:49  Neosteel Armor  
  12  0:50  Armory  
  12  0:53  Starport  
  12  1:01  Barracks Reactor  
  12  1:02  Planetary Fortress, Battlecruiser  
  12  1:03  Factory Reactor  
  12  1:04  Weapon Refit  
  12  1:05  Starport Reactor  
  12  1:07  Personal Cloaking  
  12  1:08  Hyperflight Rotors  
  12  1:10  Reaper, Fusion Core  
  12  1:11  Orbital Command  
  12  1:12  Stimpack, Thor  
  12  1:17  Ghost  
  12  1:18  Barracks Tech Lab, Liberator  
  12  1:20  Cyclone  
  12  1:21  Siege Tank, Mag-Field Accelerator, Banshee  
  12  1:23  Marauder, Marine  
  12  1:25  Factory Tech Lab  
  12  1:27  Viking  
  12  1:28  Advanced Ballistics, Raven, Hellion  
  12  1:29  Medivac, Widow Mine  
  12  1:30  Starport Tech Lab  
  12  1:31  Hi-Sec Auto Tracking  
  12  1:32  Combat Shield  
  12  1:33  Hellbat  
  12  1:40  Infernal Pre-Igniter  
  12  1:44  Drilling Claws  
  12  1:46  Smart Servos  
  18  1:49  Rapid Reignition System, Cloaking Field  
  54  2:11  Concussive Shells  
Tags
 
Add a new tag
Caveats
  • Supply blocks, unpowered buildings, or Contaminate may cause inaccurate times.
  • Supply counts are checked every 10 seconds.